AoeStats
← CHRIS

Hideout

508267985Analyzed
1v1 RM · 11d ago on Sep 21, 2026· 19m 0s· 2 players
Game mode
Random Map
Map size
Tiny (2 player)
Population
200
Speed
Normal
Resources
Standard
Victory
Conquest
Starting age
Dark Age
Ending age
Imperial Age
RankedLock teamsTeams togetherTeam positionsShared explorationLock speedFull tech treeHidden civsTurbo modeCheats
Victory
Defeat
🇳🇿 Khmer · New Zealand
1255
+16
🇺🇸 Vietnamese · United States
1252
-16
CHRIS
6:17 Loom
8:37 Feudal Age
19:12 Castle Age
19:12 Gold Mining
swissie
10:33 Feudal Age
13:36 Castle Age
11:38 Double-Bit Axe
11:56 Horse Collar
14:45 Bow Saw
Connection lost

Rejoining the realm…

Still unreachable

The connection could not be restored.

Session expired

The server has moved on; the page needs a fresh start.